 Dungeon Crawl Stone Soup version 0.30-a0-137-gd8773701ce (webtiles) character file.

Game seed: 15839378145382783822

63 IdlyInterested the Charlatan (level 3, -1/29 HPs)
             Began as a Demonspawn Wanderer on Sept 23, 2022.
             Slain by Ijyb
             ... wielding a +0 club
              (4 damage)
             ... on level 3 of the Dungeon.
             The game lasted 00:04:49 (2160 turns).

IdlyInterested the Charlatan (Demonspawn Wanderer)  Turns: 2160, Time: 00:04:50

Health: -1/29      AC:  0    Str: 17    XL:     3   Next: 89%
Magic:  3/3        EV: 13    Int: 11    God:
Gold:   105        SH:  0    Dex: 11    Spells: 2/2 levels left

rFire   . . .      SeeInvis .    (weapon currently unavailable)
rCold   . . .      Faith    .    (shield currently unavailable)
rNeg    . . .      Spirit   .    (body armour currently unavailable)
rPois   .          Reflect  .    (helmet currently unavailable)
rElec   .          Harm     .    (cloak currently unavailable)
rCorr   .          Rampage  .    (gloves currently unavailable)
Will    .....                    (boots currently unavailable)
Stlth   +.........               (no amulet)
HPRegen 0.09/turn                (ring currently unavailable)
MPRegen 0.08/turn                (ring currently unavailable)

@: pig-form, hasted, very quick
A: fast, no casting, small, (large bone plates 1)
a: no special abilities


You were on level 3 of the Dungeon.
You were a filthy swine.
You visited 1 branch of the dungeon, and saw 3 of its levels.

You collected 105 gold pieces.

Inventory:

Hand Weapons
 a - a +2 mace (melded)
Armour
 d - a +0 leather armour
 g - a +0 chain mail (melded)
 n - a +0 scale mail
 p - a +0 buckler (melded)
 r - a +0 ring mail
Jewellery
 k - a ring of ice
 t - a ring of wizardry (melded)
Wands
 b - a wand of quicksilver (2) (quivered)
Scrolls
 c - 2 scrolls of teleportation
Potions
 f - a potion of curing {unknown}
 h - a potion of brilliance {unknown}
 i - a potion of attraction
 j - a potion of mutation {unknown}
 u - a potion of might {unknown}


   Skills:
 - Level 3.0 Fighting
 * Level 3.3 Maces & Flails
 + Level 1.6 Armour
 - Level 5.0 Evocations


You had 2 spell levels left.
You didn't know any spells.
Your spell library contained the following spells:

 Spells                   Type           Power      Damage    Failure   Level
 Apportation              Tloc           0%         N/A       34%         1
 Necrotise                Necr           0%         1d4       34%         1
 Summon Small Mammal      Summ           0%         N/A       34%         1


Dungeon Overview and Level Annotations

Branches:
Dungeon (3/15)

Altars:
Kikubaaqudgha

Annotations:
D:3 Ijyb


Innate Abilities, Weirdness & Mutations

You are a filthy swine.
You move quickly.
Your equipment is almost entirely melded.
You are incapable of wielding weapons or throwing items.
You cannot cast spells.
((You are partially covered in large bone plates. (SH +4)))


Message History

You closely miss Ijyb. Ijyb hits you with a +0 club.
You hit Ijyb but do no damage. Ijyb misses you.
You hit Ijyb but do no damage. Ijyb hits you with a +0 club.
You closely miss Ijyb. Ijyb hits you with a +0 club!
* * * LOW HITPOINT WARNING * * *
You feel much better. Ijyb closely misses you.
You hit Ijyb but do no damage. Ijyb misses you.
You hit Ijyb but do no damage. Ijyb hits you with a +0 club.
You hit Ijyb but do no damage. Ijyb hits you with a +0 club.
You hit Ijyb.
Ijyb is lightly wounded.
You feel less batty.
Your +2 mace unmelds from your body.
Your +0 buckler unmelds from your body.
Your +0 chain mail unmelds from your body.
Your ring of wizardry unmelds from your body.
Ijyb hits you with a +0 club.
You hit Ijyb.
Ijyb is lightly wounded.
Ijyb zaps a wand.
You turn into a filthy swine.
Your +2 mace melds into your body.
Your +0 buckler melds into your body.
Your +0 chain mail melds into your body.
Your ring of wizardry melds into your body.
You hit Ijyb.
Ijyb is moderately wounded.
Ijyb closely misses you.
You barely miss Ijyb.
Ijyb is moderately wounded.
Ijyb closely misses you.
You hit Ijyb.
Ijyb is moderately wounded.
Ijyb hits you with a +0 club.
You closely miss Ijyb.
Ijyb is moderately wounded.
Ijyb hits you with a +0 club.
You hit Ijyb but do no damage.
Ijyb is moderately wounded.
Ijyb hits you with a +0 club!
* * * LOW HITPOINT WARNING * * *
You feel yourself speed up. Ijyb hits you with a +0 club.
You die...

#........
#.....)...#
#####.#.#
##.......##
##...<.##
##...## ##+## #
.# #########.##
#.....h....#
#.#...#g......
#.............
#.#.............
#.........#.#...
###.#...#.#.# ##
#.......# #
#########


You could see Ijyb.

Vanquished Creatures
  2 adders (D:2)
  A dart slug (D:1)
  8 bats
  3 endoplasms
  3 giant cockroaches
  2 hobgoblins
  3 jackals (D:2)
  A quokka (D:2)
  A ball python (D:2)
  2 frilled lizards
  5 goblins
  4 kobolds
  6 rats
41 creatures vanquished.

Notes
Turn   | Place    | Note
-------+----------+-------------------------------------------
     0 | D:1      | IdlyInterested the Demonspawn Wanderer began the quest for
                  | the Orb.
     0 | D:1      | IdlyInterested set off with the following items: a +1 mace,
                  | a wand of quicksilver (2), a scroll of teleportation, a +0
                  | leather armour.
     0 | D:1      | Reached XP level 1. HP: 18/18 MP: 1/1
   125 | D:1      | Gained mutation: You are partially covered in large bone
                  | plates. (SH +4) [demonic ancestry]
   125 | D:1      | Reached XP level 2. HP: 24/24 MP: 2/2
   355 | D:1      | Reached skill level 1 in Armour
   829 | D:2      | Reached XP level 3. HP: 27/29 MP: 3/3
   940 | D:2      | Found an ancient bone altar of Kikubaaqudgha.
  1204 | D:2      | Found a faded altar of an unknown god.
  2115 | D:3      | Noticed Ijyb
  2160 | D:3      | Slain by Ijyb

Illustrated notes

Levels and vault maps discovered:
D:1:      wheals_arrival_shading, layout_basic
D:2:      layout_loops_corners, basic_altar, shapermc_ecumenical_altar_ellora,
          minmay_fountain_box, serial_bayou_lake_a
D:3:      layout_loops_corners, gammafunk_temple_overflow_statue,
          minmay_misc_feat_chi, minmay_bisected, uniq_ijyb,
          uniq_crazy_yiuf_cottage, uniq_natasha

Skill      XL: |  1  2  3 |
---------------+----------+-----
Maces & Flails | 2 3 |  3.3
Armour         | 1 |  1.6
Fighting       | |  3.0
Evocations     | |  5.0

Action                   || total
-------------------------++-------
Melee: Mace              ||   100
       Unarmed           ||    35
  Use: Potion            ||     6
       Scroll            ||     4
Armor: Leather armour    ||     1
       Chain mail        ||    58
Dodge: Dodged            ||    52
Block: Other             ||    12
       Buckler           ||    11

Table legend: (Time is in decaauts)
 A = Elapsed time spent in this place.
 B = Non-inter-level travel time spent in this place.
 C = Inter-level travel time spent in this place.
 D = Time resting spent in this place.
 E = Time spent auto-exploring this place.
 F = Levels seen in this place.
 G = Mean time per level.
                   A        B        C        D        E       F      G
               +--------+--------+--------+--------+--------+-----+--------+
         Total |   2192 |   1871 |    321 |      8 |   1399 |   3 |  730.7 |
       Dungeon |   2192 |   1871 |    321 |      8 |   1399 |   3 |  730.7 |
               +--------+--------+--------+--------+--------+-----+--------+

Top non-repeatable levels by time:
     D:2: 1312 daAuts
     D:1: 786 daAuts
     D:3: 93 daAuts
